 Dungeon Crawl Stone Soup version 0.21.1-1-g345015fe64 (webtiles) character file.

65 Kohma the Slasher (level 3, -3/30 HPs)
             Began as a Demonspawn Berserker on June 20, 2018.
             Was a Believer of Trog.
             Slain by a gnoll
             ... wielding a +0 halberd
              (9 damage)
             ... on level 3 of the Dungeon.
             The game lasted 00:05:49 (1482 turns).

Kohma the Slasher (Demonspawn Berserker)            Turns: 1482, Time: 00:05:50

Health: -3/30      AC:  8    Str: 18    XL:     3   Next: 92%
Magic:  3/3        EV:  7    Int:  8    God:    Trog [**....]
Gold:   121        SH:  0    Dex: 12    Spells: 2/2 levels left

rFire    . . .     SeeInvis .   a - +0 falchion
rCold    . . .     Gourm    .   (no shield)
rNeg     . . .     Faith    .   o - +0 chain mail
rPois    .         Spirit   .   (no helmet)
rElec    .         Reflect  .   (no cloak)
rCorr    .         Harm     .   (no gloves)
MR       .....                  (no boots)
Stlth    ..........             (no amulet)
HPRegen  0.10/turn              (no ring)
MPRegen  0.08/turn              (no ring)

@: no status effects
A: powered by death 1, spiny 1
a: Berserk, Trog's Hand, Burn Spellbooks, Renounce Religion


You were on level 3 of the Dungeon.
You worshipped Trog.
Trog was pleased with you.
You were not hungry.

You visited 1 branch of the dungeon, and saw 3 of its levels.

You collected 121 gold pieces.

Inventory:

Hand Weapons
 a - a +0 falchion (weapon)
Armour
 b - a +0 animal skin
 h - a +0 leather armour
 o - a +0 chain mail (worn)
Jewellery
 j - a cursed ring of loudness {unknown}
 p - an uncursed ring of magical power {unknown}
Scrolls
 d - a scroll of fear {unknown}
 e - 2 scrolls of remove curse {unknown}
 g - a scroll of amnesia {unknown}
 i - a scroll of fog {unknown}
 k - 2 scrolls of identify {unknown}
 m - 2 scrolls of teleportation {unknown}
 n - a scroll of blinking {unknown}
Potions
 f - 2 potions of curing {unknown}
 l - a potion of lignification {unknown}
 q - a potion of magic {unknown}
 s - a potion of ambrosia {unknown}
 t - 2 potions of degeneration {unknown}
Comestibles
 c - 4 rations
 r - 7 chunks of flesh


   Skills:
 + Level 3.6 Fighting
 * Level 3.9 Long Blades
 - Level 1.7 Armour
 - Level 1.7 Dodging


You had 2 spell levels left.
You didn't know any spells.

Dungeon Overview and Level Annotations

Branches:
Dungeon (3/15)

Altars:
Gozag
Nemelex Xobeh
Uskayaw


Innate Abilities, Weirdness & Mutations

You regenerate a little health from kills.
You are partially covered in sharp spines.


Message History

A gnoll comes into view. It is wielding a spear of freezing.
The gnoll shouts!
A gnoll comes into view. It is wielding a halberd.
The gnoll closely misses you.
A giant cockroach comes into view.
An ooze comes into view.
The ooze moves out of view.
The gnoll hits you but does no damage.
The ooze jiggles.
The gnoll closely misses you.
You riposte.
You closely miss the gnoll. You closely miss the gnoll.
The gnoll hits you from afar with a spear.
The gnoll hits you but does no damage. x2
The gnoll hits you from afar with a spear.
* * * LOW HITPOINT WARNING * * *
You hit the gnoll but do no damage.
The giant cockroach bites you but does no damage.
The ooze jiggles.
The gnoll hits you from afar with a halberd!
You die...

#.#.####........#
#.#.#..#.......
#>#.#..#._.#.#
#...#((#.....#
#.#.####.....#
#.######.#.).....#..#
#..........<.)####..#
#.#..#####s..).## #..#
#......Jgg@.....####..#
##.....g#.##.........#
#....%#.#.##..#####.##
#.....J.#.....# #.#
#....$###.###.# #.#
#....# #.# #.# #.#
#.#.. ... ..# #.# #.###
#.. ..$ ..# # ## ##


You could see 2 dancing weapons, 3 gnolls, an ooze and a giant cockroach.

Vanquished Creatures
  An ooze (D:1)
  2 dart slugs (D:1)
  A leopard gecko (D:2)
  4 orcs (D:3)
  4 bats (D:1)
  2 giant cockroaches
  5 goblins
  6 hobgoblins
  8 jackals
  5 kobolds
  A ball python skeleton (D:2)
  A frilled lizard (D:2)
  7 rats
47 creatures vanquished.

Notes
Turn   | Place    | Note
-------+----------+-------------------------------------------
     0 | D:1      | Kohma the Demonspawn Berserker began the quest for the Orb.
     0 | D:1      | Reached XP level 1. HP: 18/18 MP: 1/1
    76 | D:1      | Gained mutation: You are partially covered in sharp spines. [demonic ancestry]
    76 | D:1      | Reached XP level 2. HP: 19/24 MP: 2/2
   190 | D:1      | Found a sparkling altar of Nemelex Xobeh.
   763 | D:2      | Gained mutation: You regenerate a little health from kills. [demonic ancestry]
   763 | D:2      | Reached XP level 3. HP: 27/29 MP: 3/3
   785 | D:2      | Reached ** piety under Trog
   922 | D:2      | Found an opulent altar of Gozag.
  1412 | D:3      | Found a hide-covered altar of Uskayaw.
  1412 | D:3      | Noticed a hand axe
  1412 | D:3      | Noticed a dagger
  1482 | D:3      | Slain by a gnoll

Skill      XL: |  1 |
---------------+----+-----
Long Blades    | 3 |  3.9
Fighting       | |  3.6
Armour         | |  1.7
Dodging        | |  1.7

Action                   || total
-------------------------++-------
Melee: Falchion          ||    99
 Stab: Sleeping          ||     3
  Eat: Chunk             ||     2
Armor: Animal skin       ||     8
       Chain mail        ||    29
Dodge: Dodged            ||    62
       Rpst.: Falchion   ||    20
